 Seeded DCSS version 0.29.1-15-g9cfb28693d (webtiles) character file.

Game seed: 6320845443627075161 (custom seed)

4 Psyclone the Magician (level 1, 10/10 HPs)
             Began as a Deep Elf Fire Elementalist on Sept 29, 2023.
             Quit the game on level 2 of the Dungeon.
             The game lasted 00:01:44 (126 turns).

Psyclone the Magician (Deep Elf Fire Elementalist)   Turns: 126, Time: 00:01:44

Health: 10/10      AC:  3    Str:  5    XL:     1   Next: 50%
Magic:  6/7        EV: 12    Int: 19    God:
Gold:   9          SH:  0    Dex: 15    Spells: 6/7 levels left

rFire   . . .      SeeInvis .   (no weapon)
rCold   . . .      Faith    .   (no shield)
rNeg    . . .      Spirit   .   a - +0 robe
rPois   .          Reflect  .   d - +1 hat {Stlth+}
rElec   .          Harm     .   (no cloak)
rCorr   .          Rampage  .   (no gloves)
Will    .....                   (no boots)
Stlth   +++.......              (no amulet)
HPRegen 0.03/turn               (no ring)
MPRegen 0.10/turn               (no ring)

@: no status effects
A: no striking features
a: no special abilities


You were on level 2 of the Dungeon.
You visited 1 branch of the dungeon, and saw 2 of its levels.

You collected 9 gold pieces.

Inventory:

Armour
 a - a +0 robe (worn)
 d - a +1 hat of stealth (worn)
Scrolls
 e - a scroll of acquirement
Potions
 b - a potion of magic
 c - a potion of curing {unknown}


   Skills:
 - Level 2.4 Dodging
 - Level 2.4 Stealth
 + Level 3.5 Spellcasting
 - Level 1.1 Conjurations
 - Level 3.2 Fire Magic


You had 6 spell levels left.
You knew the following spells:

 Your Spells              Type           Power      Damage    Failure   Level
a - Foxfire               Conj/Fire      44%        2x1d6     6%          1

Your spell library contained the following spells:

 Spells                   Type           Power      Damage    Failure   Level
 Scorch                   Fire           30%        2d6       6%          2
 Freeze                   Ice            12%        1d4       14%         1
 Conjure Flame            Conj/Fire      11%        6-21      19%         3
 Inner Flame              Hex/Fire       9%         N/A       22%         3
 Frozen Ramparts          Ice            6%         1d1       41%         3
 Flame Wave               Conj/Fire      11%        2d6       52%         4
 Hailstorm                Conj/Ice       5%         3d4       75%         4


Dungeon Overview and Level Annotations

Branches:
Dungeon (2/15) Zot: 11874

Altars:


Message History

Found 11 gold pieces and a fizzy brown potion.
There is a stone staircase leading up here.
A dart slug comes into view.
There is a stone staircase leading up here.
Found a scroll labelled ESEONUCILU.
Found a runed hat.
Found a faded altar of an unknown god.
You see here a +1 hat of stealth.
d - a +1 hat of stealth You start putting on your armour.
You continue putting on your +1 hat of stealth. x4
You finish putting on your +1 hat of stealth.
You feel stealthy.
A dart slug comes into view.
Casting: Foxfire (safe; 6% risk of failure)
Confirm with . or Enter, or press ? or * to list all spells.
You conjure some foxfire!
You now have 5/6 mp.
Casting: Foxfire (safe; 6% risk of failure)
Confirm with . or Enter, or press ? or * to list all spells.
You conjure some foxfire!
The foxfire hits the dart slug.
The dart slug is heavily wounded.
The foxfire hits the dart slug.
The dart slug is severely wounded.
You now have 4/6 mp.
Casting: Foxfire (safe; 6% risk of failure)
Confirm with . or Enter, or press ? or * to list all spells.
You conjure some foxfire!
The foxfire hits the dart slug.
You kill the dart slug!
You now have 3/7 mp.
Found a mace.
Your foxfire dissipates! x2
Your foxfire dissipates!
Found a leather armour.
Found a scroll labelled LIULAPT WYUZ MUCK.
Found 5 stones.
e - a scroll labelled LIULAPT WYUZ MUCK This is a scroll of acquirement!
Unknown command.
Are you sure you want to abandon this character and quit the game? (Confirm with "yes".)

#.#.# .....
#.#.# .....
#.#.###..####
#...[....... .
###.###...###..
#.#
#.###..........
#.......####.#
#####........#
#....@...#
#######.## #


There were no monsters in sight!

Vanquished Creatures
  A dart slug (D:2)
  A goblin (D:1)
2 creatures vanquished.

Vanquished Creatures (others)
  14 foxfires
14 creatures vanquished.

Grand Total: 16 creatures vanquished

Notes
Turn   | Place    | Note
-------+----------+-------------------------------------------
     0 | D:1      | Psyclone the Deep Elf Fire Elementalist began the quest for
                  | the Orb.
     0 | D:1      | Reached XP level 1. HP: 10/10 MP: 6/6
    80 | D:2      | Found a faded altar of an unknown god.
   126 | D:2      | Identified a scroll of acquirement
   126 | D:2      | Quit the game

Illustrated notes

Levels and vault maps discovered:
D:1:      dpeg_arrival_lava_temple_mockup, layout_basic
D:2:      layout_loops_ring, shapermc_ecumenical_altar_starsandcircs,
          serial_shops, nicolae_shop_window_shopping

Action                   || total
-------------------------++-------
 Cast: Foxfire           ||     7
